 Dungeon Crawl Stone Soup version 0.20.0-10-g0535bb4 (webtiles) character file.

81 Monsterracer the Chopper (level 4, -1/40 HPs)
             Began as a Deep Dwarf Monk on June 6, 2017.
             Slain by Sigmund
             ... wielding a +0 scythe
              (8 damage)
             ... on level 3 of the Dungeon.
             The game lasted 00:05:22 (1673 turns).

Monsterracer the Chopper (Deep Dwarf Monk)          Turns: 1673, Time: 00:05:22

Health: -1/40      AC:  7    Str: 14    XL:     4   Next: 19%
Magic:  4/4        EV: 16    Int: 13    God:
Gold:   84         SH:  0    Dex: 17    Spells: 3/3 levels left

rFire    . . .     SeeInvis .   a - +0 hand axe
rCold    . . .     Gourm    .   (no shield)
rNeg     . . .     Faith    .   e - +0 ring mail
rPois    .         Spirit   .   i - +1 helmet {Int+3}
rElec    .         Reflect  .   (no cloak)
rCorr    .         Harm     .   (no gloves)
MR       .....                  (no boots)
Stlth    ++........             (no amulet)
Regen    0.0/turn               d - +4 ring of evasion
MPRegen  0.1/turn               (no ring)

@: non-regenerating
A: damage resistance, heal wounds, thin skeletal structure 1, blurry vision 1,
sense surroundings 1, weak 1, evolution 2, no regeneration
a: Heal Wounds


You were on level 3 of the Dungeon.
You were hungry.

You visited 1 branch of the dungeon, and saw 3 of its levels.

You collected 84 gold pieces.

Inventory:

Hand Weapons
 a - a +0 hand axe (weapon)
Armour
 e - a +0 ring mail (worn)
 h - a +0 plate armour
 i - a +1 helmet of intelligence (worn)
Jewellery
 d - a +4 ring of evasion (left hand)
Wands
 k - a wand of disintegration (12/24)
Scrolls
 b - a scroll of identify {unknown}
 f - 2 scrolls of noise {unknown}
 g - a scroll of fog
 j - a scroll of teleportation
Comestibles
 c - 2 bread rations


   Skills:
 - Level 2.6 Fighting
 + Level 5.5 Axes
 - Level 3.2 Dodging
 - Level 2.4 Stealth


You had 3 spell levels left.
You didn't know any spells.

Dungeon Overview and Level Annotations

Branches:
Dungeon (3/15)

Altars:

Annotations:
D:3 Sigmund


Innate Abilities, Weirdness & Mutations

You are resistant to damage.
You can heal yourself by infusing magical energy.
You passively map a small area around you.
You do not regenerate.
You have a somewhat thin skeletal structure. (Dex +2, Stealth)
Scrolls take you a little longer to read.
You are weak. (Str -2)
You rapidly evolve.


Message History

You closely miss Sigmund.
Sigmund is lightly wounded.
Sigmund points at you and mumbles some strange words.
You resist with some effort.
You hit Sigmund.
Sigmund is moderately wounded.
Sigmund misses you.
Your ring mail prevents you from hitting Sigmund.
Sigmund is moderately wounded.
You are feeling hungry.
You hit Sigmund.
Sigmund is heavily wounded.
Sigmund closely misses you.
You slash Sigmund!
Sigmund is almost dead.
Sigmund gestures wildly while chanting.
Sigmund flickers and vanishes!
Deactivating autopickup; reactivate with Ctrl-A.
You miss something. Something hits you!
You die...

###..†#.....# * *
.####.......# *##*
, , ..#####.....# .
* #...# #..##### .#
* ###.#
##.....####.#
..#.## #####..#...
** #....###
##.#.##* * ##.....#
* #...%#
####...#*#...##@#
,, , *,
.......####.{o.....
....... ,*###[...##
* ....., ,, ,...##
,....., , ..# , **
...# *,* ..# * , .#
* .# , ** * , * * ,


You could see an orc.

Vanquished Creatures
  3 adders (D:2)
  An ooze (D:3)
  2 worms (D:2)
  A leopard gecko (D:1)
  4 giant cockroaches
  9 hobgoblins
  3 quokkas (D:2)
  A ball python (D:2)
  4 bats
  A frilled lizard (D:2)
  5 goblins (D:1)
  3 kobolds
  3 rats
40 creatures vanquished.

Notes
Turn   | Place    | Note
-------+----------+-------------------------------------------
     0 | D:1      | Monsterracer the Deep Dwarf Monk began the quest for the Orb.
     0 | D:1      | Reached XP level 1. HP: 20/20 MP: 1/1
   117 | D:1      | Reached XP level 2. HP: 20/27 MP: 2/2
   174 | D:1      | Reached skill level 4 in Axes
   643 | D:1      | Gained mutation: Scrolls take you a little longer to read. [potion of mutation]
   643 | D:1      | Gained mutation: You are weak. (Str -2) [potion of mutation]
   643 | D:1      | Gained mutation: You evolve. [potion of mutation]
   643 | D:1      | Gained mutation: You rapidly evolve. [potion of mutation]
   716 | D:1      | Gained mutation: You have a somewhat thin skeletal structure. (Dex +2, Stealth) [evolution]
   976 | D:2      | Reached XP level 3. HP: 19/33 MP: 3/3
  1088 | D:2      | Reached skill level 5 in Axes
  1276 | D:2      | Reached XP level 4. HP: 19/40 MP: 4/4
  1659 | D:3      | Noticed Sigmund
  1673 | D:3      | Slain by Sigmund

Skill      XL: |  1  2  3 |
---------------+----------+-----
Axes           | 4 5 |  5.5
Fighting       | |  2.6
Dodging        | |  3.2
Stealth        | |  2.4

Action                   |  1- 3 |  4- 6 || total
-------------------------+-------+-------++-------
Melee: Hand axe          |   115 |    28 ||   143
 Abil: Heal Wounds       |     1 |       ||     1
  Use: Potion            |     4 |       ||     4
       Scroll            |     2 |       ||     2
 Stab: Sleeping          |     3 |       ||     3
       Distracted        |     1 |       ||     1
  Eat: Chunk             |     1 |     1 ||     2
Armor: Robe              |    21 |       ||    21
       Ring mail         |    10 |     3 ||    13
Dodge: Dodged            |    90 |    11 ||   101
